Map: Ascension to Aiur LE

Players

JagrsMullets - Winner!

  • Race: Protoss Protoss
  • Spawn Location: 5:00

A.I. 1 (Harder)

  • Race: Zerg Zerg
  • Spawn Location: 11:00

VOD

Have the link to the VOD?

Description

Time

  • Played on: Dec. 26, 2017, 3:11 a.m.
  • Length: 18:36
Show
View Real Time Build Order
Export as new Build Order

JagrsMullets Protoss - Winner!

Build Orders:  

Get SALT Encoding   

  12  0:07  Probe  
  13  0:19  Probe  
  14  0:29  Pylon  
  14  0:39  Probe  
  15  0:52  Probe  
  15  0:54  Gateway  
  16  0:58  Assimilator  
  16  1:06  Probe (Chrono Boost)  
  17  1:17  Probe (Chrono Boost)  
  18  1:22  Probe (Chrono Boost)  
  18  1:25  Gateway  
  19  1:35  Probe (Chrono Boost)  
  20  1:46  Probe (Chrono Boost)  
  21  1:50  Probe (Chrono Boost)  
  21  1:53  Nexus  
  22  2:02  Pylon, Probe (Chrono Boost)  
  23  2:14  Cybernetics Core  
  23  2:19  Probe (Chrono Boost)  
  24  2:29  Zealot  
  26  2:30  Probe  
  26  2:33  Zealot  
  29  2:43  Probe  
  29  2:44  Pylon  
  30  2:53  Pylon  
  30  2:55  Probe  
  31  3:01  Stalker x2  
  35  3:07  Pylon  
  35  3:20  Probe (Chrono Boost)  
  35  3:21  Probe (Chrono Boost)  
  35  3:27  Warp Gate  
  37  3:30  Probe x2 (Chrono Boost)  
  37  3:31  Twilight Council  
  39  3:46  Stalker x2  
  43  3:55  Assimilator  
  43  4:01  Assimilator  
  43  4:05  Assimilator  
  43  4:16  Stalker  
  45  4:36  Probe (Chrono Boost)  
  46  4:44  Probe (Chrono Boost)  
  48  4:46  Probe (Chrono Boost)  
  48  4:48  Stalker x2  
  48  4:52  Probe (Chrono Boost)  
  54  4:54  Probe (Chrono Boost)  
  54  4:55  Blink (Chrono Boost)  
  54  4:57  Probe (Chrono Boost)  
  55  5:02  Probe  
  56  5:08  Probe  
  57  5:14  Probe  
  57  5:18  Stalker x2  
  62  5:25  Stargate  
  62  5:32  Probe  
  63  5:44  Probe  
  63  5:47  Stalker  
  66  5:53  Gateway  
  66  5:56  Probe  
  67  5:58  Gateway  
  67  6:22  Fleet Beacon  
  67  6:42  Charge  
  67  6:54  Pylon  
  67  6:57  Pylon  
  67  7:00  Pylon  
  67  7:03  Pylon  
  49  7:33  Zealot  
  49  7:34  Zealot x3  
  51  7:53  Mothership  
  59  7:58  Zealot  
  59  7:59  Zealot x2  
  59  8:00  Zealot  
  67  8:30  Templar Archives  
  67  8:36  Void Ray (Chrono Boost)  
  67  8:40  Dark Shrine  
  71  8:53  Zealot  
  71  8:54  Zealot x3  
  79  9:08  Psionic Storm  
  79  9:12  Void Ray  
  83  9:31  High Templar x2  
  85  9:32  High Templar x2  
  85  9:38  Archon  
  91  9:40  Archon  
  91  9:55  Void Ray  
  95  10:20  Dark Templar x3  
  101  10:32  Pylon  
  101  10:35  Pylon  
  101  10:38  Pylon  
  101  10:41  Pylon  
  101  10:45  Pylon  
  101  10:49  Pylon  
  101  10:50  Void Ray  
  101  10:52  Pylon  
  101  10:55  Dark Templar x2  
  101  10:56  Dark Templar x2  
  113  11:05  Nexus  
  113  11:16  Forge  
  113  11:18  Forge  
  101  11:33  Void Ray  
  101  11:38  Assimilator  
  105  11:43  Assimilator  
  105  11:48  Probe x2  
  107  12:00  Probe (Chrono Boost)  
  109  12:04  Probe (Chrono Boost)  
  109  12:12  Probe (Chrono Boost)  
  111  12:15  Probe (Chrono Boost)  
  111  12:17  High Templar x2, Probe (Chrono Boost)  
  111  12:18  High Templar x2  
  111  12:20  Protoss Ground Weapons Level 1 (Chrono Boost)  
  111  12:22  Protoss Ground Armor Level 1 (Chrono Boost)  
  120  12:27  Probe  
  121  12:39  Probe  
  122  13:10  Archon  
  122  13:11  Archon  
  122  13:14  Dark Templar  
  122  13:15  Dark Templar x3  
  130  13:28  Carrier (Chrono Boost)  
  136  13:38  Graviton Catapult  
  136  14:01  Pylon  
  136  14:02  Pylon  
  136  14:05  Pylon  
  136  14:07  Pylon  
  136  14:10  Pylon  
  136  14:34  High Templar x4  
  144  14:43  Carrier (Chrono Boost), Archon x2  
  140  15:24  Zealot  
  140  15:25  Zealot x3  
  148  16:02  Carrier  
  124  17:46  Dark Templar  
  124  17:47  Dark Templar x3  
Show
View Real Time Build Order
Export as new Build Order

A.I. 1 (Harder) Zerg 

Build Orders: Pool First, Lurkers 

Get SALT Encoding   

  12  0:01  Drone  
  13  0:12  Overlord  
  13  0:17  Drone  
  14  0:30  Drone x2  
  16  0:42  Spawning Pool  
  16  0:45  Drone  
  17  0:50  Drone  
  17  0:52  Extractor  
  17  0:55  Drone  
  17  1:06  Overlord  
  17  1:31  Zergling x2, Queen  
  20  1:38  Drone  
  20  1:39  Roach Warren  
  20  1:40  Zergling x2  
  20  1:41  Extractor  
  20  1:49  Drone  
  21  1:59  Drone  
  22  2:12  Drone  
  23  2:21  Overlord  
  23  2:32  Drone  
  24  2:38  Roach  
  24  2:43  Overlord  
  26  2:47  Roach  
  28  2:57  Roach  
  30  3:06  Roach  
  30  3:08  Overlord  
  32  3:15  Roach  
  34  3:25  Roach  
  38  3:34  Roach  
  38  3:36  Overlord  
  38  3:43  Roach  
  40  3:52  Roach  
  40  3:53  Drone  
  43  3:57  Drone  
  43  4:01  Drone  
  45  4:09  Drone  
  46  4:13  Roach, Overlord  
  46  4:15  Drone  
  49  4:20  Drone  
  51  4:31  Baneling Nest, Drone  
  51  4:38  Evolution Chamber  
  49  4:42  Drone  
  49  4:45  Roach, Drone  
  53  4:54  Roach  
  55  5:03  Roach  
  57  5:13  Roach  
  59  6:21  Lair, Overlord  
  59  6:22  Zerg Melee Weapons Level 1  
  59  6:24  Spore Crawler  
  58  6:28  Hatchery  
  57  6:46  Spore Crawler  
  57  6:47  Drone  
  57  6:51  Overlord  
  57  7:05  Zergling x2  
  56  7:14  Spine Crawler  
  47  7:19  Burrow  
  47  7:21  Hydralisk Den  
  42  7:23  Spine Crawler  
  37  7:39  Queen  
  37  7:40  Drone x3  
  42  7:46  Drone  
  42  7:47  Drone x2  
  42  7:48  Drone x3  
  42  7:49  Drone  
  42  7:50  Hydralisk, Extractor  
  50  7:52  Lurker Den  
  50  7:53  Drone  
  50  7:55  Spore Crawler  
  50  7:58  Spore Crawler, Drone  
  49  7:59  Drone x2  
  49  8:00  Hydralisk, Overseer  
  49  8:03  Drone  
  49  8:05  Drone  
  55  8:08  Drone  
  55  8:12  Drone  
  57  8:14  Drone  
  57  8:16  Zerg Ground Armor Level 1  
  58  8:22  Hydralisk  
  58  8:24  Drone  
  61  8:27  Drone x2  
  61  8:30  Drone  
  61  8:32  Ravager  
  61  8:33  Drone  
  66  8:36  Drone  
  67  8:44  Drone  
  67  8:45  Hydralisk  
  67  8:46  Drone  
  71  8:55  Spine Crawler, Hydralisk  
  70  8:56  Drone  
  70  9:01  Spine Crawler, Drone  
  73  9:05  Hydralisk, Queen  
  77  9:11  Infestation Pit  
  77  9:13  Drone  
  77  9:19  Spire, Drone  
  77  9:20  Lurker x3  
  77  9:21  Overseer  
  77  9:22  Hydralisk  
  82  9:26  Overlord  
  82  9:32  Hydralisk  
  84  9:39  Evolution Chamber  
  84  9:42  Hydralisk  
  85  10:04  Extractor  
  85  10:05  Zerg Missile Weapons Level 1  
  84  10:48  Infestor, Zerg Melee Weapons Level 2, Pneumatized Carapace  
  86  10:52  Overseer  
  86  10:59  Hatchery  
  85  11:12  Pathogen Glands  
  85  11:16  Zergling x2  
  85  11:21  Glial Reconstitution  
  77  11:30  Hydralisk  
  53  11:35  Roach  
  55  11:40  Roach  
  55  11:45  Hydralisk  
  59  11:50  Hydralisk  
  61  11:55  Overseer  
  61  11:59  Zerg Ground Armor Level 2  
  61  12:04  Ravager, Lurker  
  61  12:05  Roach  
  65  12:10  Hydralisk  
  65  12:12  Queen  
  65  12:13  Drone x4  
  65  12:14  Drone x3  
  65  12:15  Ravager, Overseer  
  76  12:18  Roach, Overlord  
  76  12:22  Extractor  
  78  12:23  Roach, Spore Crawler  
  78  12:25  Spore Crawler, Drone  
  78  12:28  Drone, Extractor, Roach  
  81  12:32  Hydralisk  
  81  12:36  Drone x2, Overlord  
  81  12:37  Hydralisk, Drone x4  
  86  12:38  Drone x2  
  86  12:42  Hydralisk  
  94  12:48  Lurker, Zergling x2  
  94  12:49  Spine Crawler  
  95  12:52  Spine Crawler, Hydralisk  
  95  12:54  Drone, Overlord  
  95  12:55  Drone x5  
  95  12:56  Drone  
  95  12:58  Lurker x2  
  105  13:08  Zerg Missile Weapons Level 2  
  105  13:12  Hydralisk, Overlord  
  107  13:14  Zerg Flyer Weapons Level 1  
  107  13:17  Hydralisk  
  109  13:30  Overlord  
  109  13:36  Hive  
  109  13:48  Overseer  
  109  13:50  Overlord  
  109  14:26  Overlord, Swarm Host  
  112  14:45  Overlord, Overseer  
  112  14:49  Ultralisk Cavern  
  112  14:52  Hatchery, Zergling x2  
  110  14:53  Lair  
  110  14:57  Roach  
  89  15:01  Roach  
  89  15:04  Overlord  
  89  15:06  Roach  
  76  15:09  Hydralisk, Greater Spire  
  78  15:14  Hydralisk  
  80  15:22  Overlord  
  80  15:26  Overseer  
  79  15:30  Overseer  
  79  15:37  Ultralisk  
  79  15:41  Hydralisk, Overlord  
  87  15:46  Ultralisk  
  93  15:50  Ultralisk, Overseer  
  93  15:54  Ultralisk  
  105  15:58  Overlord  
  105  16:01  Overlord  
  101  16:06  Roach  
  101  16:07  Hydralisk  
  101  16:10  Overlord  
  91  16:13  Overlord x2, Overseer  
  91  16:15  Overseer  
  87  16:18  Overseer  
  87  16:22  Hatchery  
  87  16:25  Hydralisk  
  82  16:30  Zergling x2  
  82  16:31  Mutalisk  
  85  16:33  Overlord  
  85  16:35  Swarm Host  
  85  16:36  Drone  
  85  16:37  Queen  
  60  16:40  Roach, Zergling x4, Mutalisk  
  60  16:41  Zergling x6  
  60  16:46  Roach  
  58  16:51  Overlord  
  58  16:52  Roach  
  58  16:53  Roach x2  
  53  16:56  Overseer  
  53  16:57  Hydralisk  
  53  16:59  Zergling x2  
  53  17:00  Roach  
  53  17:01  Zergling x4  
  55  17:07  Zergling x2  
  43  17:10  Zergling x2  
  43  17:14  Overlord, Zergling x2  
  43  17:15  Roach  
  41  17:21  Drone  
  20  17:25  Drone  
  5  17:34  Drone  
  5  17:36  Drone  
  5  17:37  Lair  
  5  17:45  Drone  
  3  18:10  Drone  
  3  18:12  Drone  
  5  18:14  Drone  
  5  18:16  Drone  
  5  18:21  Drone  
Tags
 
Composition
Lurkers
Matchup
PvZ
Opening
Pool First
Spawn Locations
Cross Positions
Add a new tag
Caveats
  • Supply blocks, unpowered buildings, or Contaminate may cause inaccurate times.
  • Supply counts are checked every 10 seconds.